 Dungeon Crawl Stone Soup version 0.19-a0-49-gb8736b8 (webtiles) character file.

24964 M4edhros the Severer (level 12, -4/165 HPs)
             Began as a Minotaur Berserker on May 6, 2016.
             Was a Priest of Trog.
             Slain by a spiny frog (16 damage)
             ... on level 8 of the Lair of Beasts.
             The game lasted 00:30:02 (3819 turns).

M4edhros the Severer (Minotaur Berserker)           Turns: 3819, Time: 00:30:03

Health: -4/165     AC: 14    Str: 26    XL:     12   Next: 85%
Magic:  23/23      EV: 18    Int:  4    God:    Trog [***...]
Gold:   426        SH:  4    Dex: 21    Spells: 0 memorised, 11 levels left

rFire  + . .     SeeInvis .     a - +0 hand axe
rCold  + + +     Gourm    .     u - +1 chain mail "Eserph" {+Inv Str-2 Dex+3 Stlth+}
rNeg   + . .     Faith    .     C - +0 buckler {rC+}
rPois  .         Spirit   .     (helmet restricted)
rElec  .         Dismiss  .     F - +1 cloak {rC+}
rCorr  .         Reflect  .     (no gloves)
SustAt .         Harm     .     (no boots)
MR     ++...                    B - amulet of magic regeneration
Stlth  ..........               i - ring "Feuh" {rF+ rC+ MP+9 Dex+4 Stlth-}
                                m - ring of Kilob {rC+ rN+}

@: berserking (expiring), lethally poisoned (-4 -> -5), manticore barbs,
regenerating, very quick, very resistant to hostile enchantments, extremely
unstealthy
A: retaliatory headbutt, horns 2
a: Berserk, Trog's Hand, Burn Spellbooks, Renounce Religion, Evoke Invisibility


You were on level 8 of the Lair of Beasts.
You worshipped Trog.
Trog was most pleased with you.
You were not hungry.

You visited 2 branches of the dungeon, and saw 15 of its levels.
You also visited: Ice Cave.

You collected 426 gold pieces.

Inventory:

Hand Weapons
 a - a +0 hand axe (weapon)
 g - the +0 falchion of Watchfulness {pain, *Noise rElec MR++}
   (You found it on level 8 of the Lair of Beasts)

   In the hands of one skilled in necromantic magic, it inflicts extra damage on
   living creatures.
   It insulates you from electricity.
   It affects your resistance to hostile enchantments.
   It may make noises in combat.
Armour
 h - a +0 buckler
 n - the +0 robe "Firiba" {Dex+4 Slay+2}
   (You found it on level 10 of the Dungeon)

   It affects your dexterity (+4).
   It affects your accuracy and damage with ranged weapons and melee attacks
   (+2).
 o - a +0 plate armour
 t - a +2 robe of the Archmagi
 u - the +1 chain mail "Eserph" (worn) {+Inv Str-2 Dex+3 Stlth+}
   (You found it on level 8 of the Lair of Beasts)

   It affects your strength (-2).
   It affects your dexterity (+3).
   It lets you turn invisible.
   It makes you more stealthy.
 C - a +0 buckler of cold resistance (worn)
 F - a +1 cloak of cold resistance (worn)
Jewellery
 i - the ring "Feuh" (right hand) {rF+ rC+ MP+9 Dex+4 Stlth-}
   (You found it on level 5 of the Dungeon)

   [ring of loudness]

   It affects your dexterity (+4).
   It protects you from fire.
   It protects you from cold.
   It affects your magic capacity (+9).
   It makes you less stealthy.
 j - an uncursed ring of magical power {unknown}
 m - the ring of Kilob (left hand) {rC+ rN+}
   (You found it on level 8 of the Dungeon)

   [ring of protection from cold]

   It protects you from cold.
   It protects you from negative energy.
 q - an uncursed ring of resist corrosion
 B - an amulet of magic regeneration (around neck)
 G - an uncursed ring of see invisible
Wands
 k - a wand of iceblast (1/15)
 r - a wand of acid (7/15)
 x - a wand of random effects (27/48)
 A - a wand of slowing (20/48)
Scrolls
 e - a scroll of summoning {unknown}
 p - a scroll of enchant armour
 s - 2 scrolls of recharging
Potions
 f - 2 potions of flight
 v - a potion of might
Books
 b - a book of Transfigurations

   Spells                             Type                      Level
   a - Irradiate                      Conjuration/Transmutation    5
   b - Statue Form                    Transmutation/Earth          6
   c - Hydra Form                     Transmutation                6
   d - Dragon Form                    Transmutation                7
   Trog disapproves of the use of such an item.
 d - a book of Frost

   Spells                             Type                      Level
   a - Freeze                         Ice                          1
   b - Throw Frost                    Conjuration/Ice              2
   c - Ozocubu's Armour               Charms/Ice                   3
   d - Throw Icicle                   Conjuration/Ice              4
   e - Summon Ice Beast               Ice/Summoning                4
   Trog disapproves of the use of such an item.
 w - a book of Ice

   Spells                             Type                      Level
   a - Ice Form                       Ice/Transmutation            4
   b - Metabolic Englaciation         Hexes/Ice                    5
   c - Ozocubu's Refrigeration        Ice                          6
   d - Bolt of Cold                   Conjuration/Ice              6
   e - Freezing Cloud                 Conjuration/Ice/Air          6
   f - Simulacrum                     Ice/Necromancy               6
   Trog disapproves of the use of such an item.
 y - a book of Spatial Translocations

   Spells                             Type                      Level
   a - Apportation                    Translocation                1
   b - Blink                          Translocation                2
   c - Shroud of Golubria             Charms/Translocation         2
   d - Portal Projectile              Translocation                3
   e - Teleport Other                 Translocation                3
   f - Passage of Golubria            Translocation                4
   Trog disapproves of the use of such an item.
 D - a book of Frost

   Spells                             Type                      Level
   a - Freeze                         Ice                          1
   b - Throw Frost                    Conjuration/Ice              2
   c - Ozocubu's Armour               Charms/Ice                   3
   d - Throw Icicle                   Conjuration/Ice              4
   e - Summon Ice Beast               Ice/Summoning                4
   Trog disapproves of the use of such an item.
 E - a book of Ice

   Spells                             Type                      Level
   a - Ice Form                       Ice/Transmutation            4
   b - Metabolic Englaciation         Hexes/Ice                    5
   c - Ozocubu's Refrigeration        Ice                          6
   d - Bolt of Cold                   Conjuration/Ice              6
   e - Freezing Cloud                 Conjuration/Ice/Air          6
   f - Simulacrum                     Ice/Necromancy               6
   Trog disapproves of the use of such an item.
Comestibles
 c - 3 bread rations
 l - 7 fruits
 z - 5 chunks of flesh


   Skills:
 + Level 11.6 Fighting
 + Level 15.6 Axes
 + Level 8.0 Armour
 * Level 13.2 Dodging
 + Level 4.1 Evocations


You had 11 spell levels left.
You didn't know any spells.

Dungeon Overview and Level Annotations

Branches:
Dungeon (10/15)            Temple (0/1) D:7            Lair (8/8) D:9
  Slime (0/6) Lair:8
  Swamp: Lair:3-6    Shoals: Lair:3-6     Snake: Lair:3-6    Spider: Lair:3-6
    Orc: D:9-12

Altars:
Ashenzari
Fedhas
Kikubaaqudgha
Trog
Yredelemnul
The Shining One
Beogh
Jiyva

Shops:
D:5 %

Annotations:
D:6 Sigmund


Innate Abilities, Weirdness & Mutations

You reflexively headbutt those who attack you in melee.
You have a pair of horns on your head.


Message History

You slash the komodo dragon! Your headbutt misses the komodo dragon.
The komodo dragon is almost dead.
You slash the death yak!
The death yak is heavily wounded.
You slash the spiny frog!
The spiny frog is severely wounded.
You feel sick.
Unknown command.
Unknown command.
Unknown command.
You hit the komodo dragon. You headbutt the komodo dragon.
You kill the komodo dragon!
Trog accepts your kill.
Your Armour skill increases to level 8!
You hit the spiny frog.
The spiny frog is almost dead.
You hit the death yak.
The death yak is severely wounded.
You feel sick. The spiny frog stings you!
You die...

P.##......# .........## ##
### P........# .##.###
#.......## ......# .#......#
.....# ## #.##....#
#####....#..#
..##.....##..$#........#
######P..##..#....#.#... # #
###.###...#†@....... .#...##
###.†FY.#)... ###.#.P.#
##......## .
.#P....P###....#####
........##.........#
.P......##......#..#
.......###....†#...######
........###....†####....##
........###P.......#.....###


You could see a death yak and a spiny frog.

Vanquished Creatures
  Josephine (D:10)
  2 hydras
  A catoblepas (Lair:8)
  Erolcha (D:9)
  3 death yaks (Lair:8)
  Nergalle (D:10)
  Pikel (D:9)
  A necromancer (IceCv)
  2 griffons
  2 manticores (Lair:8)
  5 elephants
  An ice statue (IceCv)
  5 black mambas
  3 spiny frogs
  2 rime drakes (Lair:8)
  4 komodo dragons
  10 freezing wraiths (IceCv)
  A troll (D:6)
  Prince Ribbit (D:7)
  2 blink frogs (Lair:8)
  A wolf spider simulacrum (IceCv)
  A boulder beetle (Lair:8)
  2 wyverns (Lair:8)
  5 wraiths (D:10)
  3 yaks (Lair:8)
  A basilisk (Lair:8)
  2 death yak simulacra (IceCv)
  3 hippogriffs
  A hungry ghost (D:10)
  2 water moccasins (Lair:8)
  A porcupine (Lair:4)
  A sky beast (D:7)
  4 slaves (D:9)
  A wasp (Lair:4)
  An ogre (D:9)
  3 orc warriors (D:9)
  2 phantoms
  17 ice beasts
  4 centaurs
  4 crocodiles
  5 giant frogs
  3 scorpions
  3 wights (D:8)
  A howler monkey (D:6)
  4 draconian simulacra (IceCv)
  A crimson imp (D:6)
  A quasit (D:8)
  A hound (D:9)
  3 iguanas
  An orc wizard (D:6)
  A spriggan simulacrum (IceCv)
  4 troll simulacra (IceCv)
  A killer bee zombie (D:9)
  A wolf simulacrum (IceCv)
  4 centaur simulacra (IceCv)
  A worker ant zombie (D:5)
  A gnoll (D:10)
  An ogre simulacrum (IceCv)
  4 adders
  6 naga simulacra (IceCv)
  5 river rats (Lair:1)
  2 shadow imps
  12 white imps (IceCv)
  An ooze (D:2)
  A worm (D:6)
  A dart slug (D:1)
  3 giant geckos (D:9)
  33 orcs
  A giant cockroach (D:3)
  5 goblins
  4 hobgoblins
  3 kobolds
  A quokka (D:7)
  2 bats
  6 giant newts
  3 rats
238 creatures vanquished.

Vanquished Creatures (others)
  A fungus (Lair:8)
1 creature vanquished.

Grand Total: 239 creatures vanquished

Notes
Turn   | Place    | Note
--------------------------------------------------------------
     0 | D:1      | M4edhros the Minotaur Berserker began the quest for the Orb.
     0 | D:1      | Reached XP level 1. HP: 19/19 MP: 0/0
    62 | D:1      | Reached skill level 4 in Axes
   173 | D:2      | Reached XP level 2. HP: 26/26 MP: 1/1
   185 | D:2      | Found a glowing golden altar of the Shining One.
   221 | D:2      | Reached skill level 5 in Axes
   238 | D:2      | Reached XP level 3. HP: 24/31 MP: 2/2
   366 | D:3      | Reached ** piety under Trog
   493 | D:3      | You fall through a shaft for 3 floors!
   495 | D:6      | Noticed a troll
   498 | D:6      | Noticed an ice beast
   508 | D:6      | Reached skill level 6 in Axes
   508 | D:6      | Reached XP level 4. HP: 27/39 MP: 3/3
   511 | D:6      | Killed a troll
   511 | D:6      | Reached skill level 8 in Axes
   511 | D:6      | Reached XP level 5. HP: 16/45 MP: 4/4
   511 | D:6      | Reached XP level 6. HP: 18/51 MP: 5/5
   520 | D:6      | Noticed Sigmund
   521 | D:6      | Killed an ice beast
   521 | D:6      | Reached skill level 9 in Axes
   550 | D:5      | Entered Level 5 of the Dungeon
   602 | D:5      | Got a glittering iron ring
   603 | D:5      | Identified the ring "Feuh" {rF+ rC+ MP+9 Dex+4 Stlth-} (You found it on level 5 of the Dungeon)
   604 | D:5      | wtf? rf rc mp9 dex4 ring
   604 | D:5      | nice one
   627 | D:5      | Found Founithu's Food Emporium.
   641 | D:6      | Reached XP level 7. HP: 38/57 MP: 6/6
   671 | D:7      | Reached skill level 10 in Axes
   743 | D:7      | Found a shattered altar of Ashenzari.
   772 | D:7      | Noticed Prince Ribbit
   775 | D:7      | Found a staircase to the Ecumenical Temple.
   790 | D:7      | Killed Prince Ribbit
   790 | D:7      | Reached skill level 11 in Axes
   790 | D:7      | Reached XP level 8. HP: 24/64 MP: 7/7
   953 | D:8      | Reached skill level 12 in Axes
   976 | D:8      | Got a crude granite ring
   979 | D:8      | Identified the ring of Kilob {rC+ rN+} (You found it on level 8 of the Dungeon)
   980 | D:8      | another artifact ring, rc rn
  1074 | D:9      | Noticed Erolcha
  1084 | D:9      | Killed Erolcha
  1084 | D:9      | Reached skill level 5 in Fighting
  1084 | D:9      | Reached XP level 9. HP: 18/74 MP: 8/8
  1089 | D:9      | Reached skill level 5 in Armour
  1127 | D:9      | Found an ancient bone altar of Kikubaaqudgha.
  1138 | D:9      | Found a basalt altar of Yredelemnul.
  1143 | D:9      | Found a staircase to the Lair.
  1211 | D:9      | Found a roughly hewn altar of Beogh.
  1229 | D:10     | Entered Level 10 of the Dungeon
  1242 | D:10     | Found a bloodstained altar of Trog.
  1314 | D:10     | Reached skill level 5 in Dodging
  1330 | D:10     | Noticed Josephine
  1343 | D:10     | Killed Josephine
  1343 | D:10     | Reached skill level 13 in Axes
  1369 | D:10     | Reached XP level 10. HP: 14/86 MP: 9/9
  1486 | D:10     | Got a ripped robe
  1497 | D:10     | Identified the cursed +0 robe "Firiba" {Dex+4 Slay+2} (You found it on level 10 of the Dungeon)
  1511 | D:10     | Noticed Nergalle
  1524 | D:10     | Killed Nergalle
  1596 | D:9      | Reached *** piety under Trog
  1631 | D:9      | HP: 4/88 [orc warrior/scimitar (19)]
  1789 | D:9      | Found a blossoming altar of Fedhas.
  1929 | D:9      | Noticed Pikel
  1952 | D:9      | Killed Pikel
  2032 | Lair:1   | Entered Level 1 of the Lair of Beasts
  2119 | Lair:2   | Noticed a griffon
  2140 | Lair:2   | Killed a griffon
  2225 | Lair:3   | Noticed an elephant
  2226 | Lair:3   | Noticed an elephant
  2232 | Lair:3   | Noticed a black mamba
  2237 | Lair:3   | Noticed an elephant
  2242 | Lair:3   | Killed a black mamba
  2242 | Lair:3   | Reached skill level 14 in Axes
  2243 | Lair:3   | Killed an elephant
  2250 | Lair:3   | Killed an elephant
  2250 | Lair:3   | Reached XP level 11. HP: 97/97 MP: 10/10
  2365 | Lair:4   | Noticed a four-headed hydra
  2376 | Lair:4   | Killed an eight-headed hydra
  2389 | Lair:4   | Reached skill level 10 in Dodging
  2483 | Lair:4   | Reached skill level 10 in Fighting
  2541 | Lair:5   | You fall through a shaft for 3 floors!
  2541 | Lair:8   | Entered Level 8 of the Lair of Beasts
  2541 | Lair:8   | Found a viscous altar of Jiyva.
  2541 | Lair:8   | Found a staircase to the Slime Pits.
  2574 | Lair:8   | Noticed a death yak
  2575 | Lair:8   | Noticed a death yak
  2575 | Lair:8   | Noticed a death yak
  2584 | Lair:8   | Killed a death yak
  2591 | Lair:8   | Killed a death yak
  2595 | Lair:8   | Killed a death yak
  2605 | Lair:8   | Got a shimmering chain mail
  2616 | Lair:8   | Identified the cursed +1 chain mail "Eserph" {+Inv Str-2 Dex+3 Stlth+} (You found it on level 8 of the Lair of Beasts)
  2732 | Lair:8   | Got a crude falchion
  2733 | Lair:8   | Identified the cursed +0 falchion of Watchfulness {pain, *Noise rElec MR++} (You found it on level 8 of the Lair of Beasts)
  2743 | Lair:8   | Found a frozen archway.
  2760 | Lair:8   | Reached skill level 1 in Evocations
  2810 | Lair:8   | Reached skill level 15 in Axes
  2810 | Lair:8   | Reached XP level 12. HP: 29/108 MP: 12/12
  2836 | IceCv    | Entered an ice cave
  3117 | IceCv    | Found an ancient bone altar of Kikubaaqudgha.
  3783 | Lair:8   | Noticed a catoblepas
  3784 | Lair:8   | Noticed an eight-headed hydra
  3789 | Lair:8   | Noticed a death yak
  3793 | Lair:8   | Killed a catoblepas
  3812 | Lair:8   | Killed a 19-headed hydra
  3819 | Lair:8   | Slain by a spiny frog

Vault maps used:
D:1:      dpeg_arrival_oval
D:2:      lemuel_doored_altar, first_bread, mrwooster_statue_mirror
D:5:      serial_shops, nicolae_shop_behind_doors
D:6:      uniq_sigmund
D:7:      cheibrodos_ashenzari_chains, minmay_temple_entry_crystal_x,
          uniq_duvessa, uniq_prince_ribbit1
D:8:      corexii_shack_village, overflow_temple_1_default,
          hangedman_tree_tricks, corner_web_ring, uniq_maurice, uniq_joseph
D:9:      fedhas_altar_1, kiku_gazebo_pond_becter, overflow_temple_1_default,
          lair_0_dummy, enter_bailey_3, minmay_lizard_king, uniq_pikel,
          uniq_erolcha
D:10:     bloody_trog, uniq_grum, uniq_nergalle, uniq_josephine
Lair:1:   erik_1, nicolae_quartered_pool_little
Lair:2:   forest_paths, uniq_fannar
Lair:3:   fungi_pond_lemuel, grunt_megastairs_5, uniq_urug
Lair:4:   grunt_megastairs_4
Lair:5:   elwin_shoals_entry_rooms, grunt_megastairs_3, uniq_kirke
Lair:8:   hangedman_lair_in_review, wormcave, slime_altar_1,
          portal_ice_cave_entry_ice_beasts
IceCv:    ice_cave_small_necro

Skill      XL: |  1  2  3  4  5  6  7  8  9 10 11 12 |
---------------+-------------------------------------+-----
Axes           | 4 5 6 8 9 11 12 13 14 15 | 15.6
Fighting       | 5 7 9 10 11 | 11.6
Armour         | 4 6 7 8 |  8.0
Dodging        | 4 6 9 11 13 | 13.2
Evocations     | 1 4 |  4.1

Action                   |  1- 3 |  4- 6 |  7- 9 | 10-12 || total
-------------------------+-------+-------+-------+-------++-------
Melee: Hand axe          |    38 |    21 |   139 |   571 ||   769
       Headbutt          |     7 |     3 |    45 |   216 ||   271
Invok: Berserk           |     2 |       |     9 |    21 ||    32
       Trog's Hand       |       |     4 |     6 |    24 ||    34
       Burn Spellbooks   |       |       |     2 |     1 ||     3
Evoke: Wand              |       |       |       |     2 ||     2
  Use: Potion            |     4 |     1 |     2 |     4 ||    11
       Scroll            |     2 |     3 |     3 |     9 ||    17
 Stab: Petrified         |       |       |       |     2 ||     2
  Eat: Chunk             |       |     1 |     2 |    18 ||    21
       Meat ration       |       |       |     1 |     2 ||     3
       Pizza             |       |       |     1 |       ||     1
       Bread ration      |       |       |     1 |     1 ||     2
       Fruit             |       |       |       |     3 ||     3
Armor: Animal skin       |     3 |       |       |       ||     3
       Ring mail         |    16 |       |    22 |     3 ||    41
       Skin              |    30 |    17 |       |     3 ||    50
       Plate armour      |       |       |       |    87 ||    87
       Chain mail        |       |       |       |   101 ||   101
Dodge: Dodged            |    29 |    12 |    68 |   327 ||   436
Block: Buckler           |       |     1 |    17 |    96 ||   114
